 Dungeon Crawl Stone Soup version 0.27.1-1-g398f81649c (webtiles) character file.

Game seed: 7879197462418419065

9030 chuckie79 the Severer (level 11, -3/97 HPs)
             Began as a Hill Orc Fighter on Sept 13, 2021.
             Slain by a 12-headed hydra (4 damage)
             ... on level 9 of the Dungeon.
             The game lasted 00:38:08 (9644 turns).

chuckie79 the Severer (Hill Orc Fighter)            Turns: 9644, Time: 00:38:09

Health: -3/97      AC: 23    Str: 23    XL:     11   Next: 40%
Magic:  11/11      EV:  2    Int: 18    God:
Gold:   500        SH: 25    Dex: 10    Spells: 10/10 levels left

rFire    . . .     SeeInvis .   a - +3 war axe (drain)
rCold    x . .     Faith    .   A - +2 tower shield
rNeg     . . .     Spirit   .   y - +1 crystal plate armour
rPois    .         Reflect  +   e - +0 helmet
rElec    .         Harm     .   F - +0 cloak
rCorr    +         Rampage  .   (no gloves)
Will     .....                  (no boots)
Stlth    ..........             h - amulet of Pride {Reflect rC- Int+10 SH+5 Stlth-}
HPRegen  0.26/turn              w - ring of resist corrosion
MPRegen  0.12/turn              (no ring)

@: studying Axes
A: no striking features
a: no special abilities


You were on level 9 of the Dungeon.
You visited 3 branches of the dungeon, and saw 11 of its levels.

You collected 500 gold pieces.

Inventory:

Hand Weapons
 a - a +3 war axe of draining (weapon)
 c - a +2 short sword of draining
Missiles
 d - a throwing net (quivered)
 G - 22 poisoned darts
Armour
 e - a +0 helmet (worn)
 y - a +1 crystal plate armour (worn)
 A - a +2 tower shield (worn)
 F - a +0 cloak (worn)
Jewellery
 h - the amulet of Pride (around neck) {Reflect rC- Int+10 SH+5 Stlth-}
   (You found it on level 4 of the Dungeon)

   [amulet of reflection]

   It reflects blocked missile attacks.
   Int:       It affects your intelligence (+10).
   rC:        It makes you vulnerable to cold.
   SH:        It affects your SH (+5).
   Stlth:     It makes you less stealthy.
 v - an amulet of faith
 w - a ring of resist corrosion (left hand)
 x - an amulet of magic regeneration
 B - a ring of protection from cold
Wands
 s - a wand of paralysis (16)
 t - a wand of digging (3)
 E - a wand of iceblast (5)
Scrolls
 b - 2 scrolls of magic mapping
 i - 3 scrolls of amnesia
 j - 2 scrolls of teleportation
 l - 2 scrolls of brand weapon
 m - a scroll of silence
 p - 2 scrolls of acquirement
 r - 3 scrolls of fear
 C - a scroll of noise {unknown}
Potions
 f - 3 potions of flight
 g - 3 potions of heal wounds
 k - 3 potions of magic
 n - 2 potions of brilliance
 o - a potion of mutation
 q - a potion of lignification {unknown}
 z - a potion of attraction {unknown}
 D - a potion of degeneration {unknown}


   Skills:
 + Level 9.4 Fighting
 + Level 17.5 Axes
 + Level 8.5 Armour
 + Level 2.0 Dodging
 + Level 1.1 Stealth
 + Level 10.7 Shields


You had 10 spell levels left.
You didn't know any spells.
Your spell library contained the following spells:

 Spells                   Type           Power      Damage    Failure   Level
 Magic Dart               Conj           0%         1d3       100%        1
 Call Imp                 Summ           0%         N/A       100%        2
 Frozen Ramparts          Ice            0%         1d2       100%        3
 Mephitic Cloud           Conj/Pois/Air  0%         N/A       100%        3
 Stone Arrow              Conj/Erth      0%         3d7       100%        3
 Airstrike                Air            0%         N/A       100%        4
 Animate Armour           Summ/Erth      0%         N/A       100%        4
 Ice Form                 Ice/Tmut       0%         N/A       100%        4
 Summon Ice Beast         Ice/Summ       0%         N/A       100%        4
 Summon Lightning Spire   Summ/Air       0%         N/A       100%        4
 Blade Hands              Tmut           0%         N/A       100%        5
 Bolt of Magma            Conj/Fire/Erth 0%         4d4       100%        5
 Lightning Bolt           Conj/Air       0%         1d11      100%        5
 Iron Shot                Conj/Erth      0%         9d1       100%        6
 Shatter                  Erth           0%         3d5*      100%        9


Dungeon Overview and Level Annotations

Branches:
Dungeon (9/15)             Temple (1/1) D:5            Lair (1/6) D:9
    Orc: D:9-12

Altars:
Ashenzari
Cheibriados
Dithmenos
Fedhas
Gozag
Hepliaklqana
Kikubaaqudgha
Makhleb
Nemelex Xobeh
Okawaru
Qazlal
Ru
Sif Muna
Trog
Uskayaw
Vehumet
Wu Jian
Xom
Yredelemnul
Zin
The Shining One

Shops:
D:6 =   D:7 *


Message History

The 12-headed hydra bites you but does no damage.
You block the 12-headed hydra's attack.
The 12-headed hydra bites you but does no damage. x3
You block the 12-headed hydra's attack. x2
The 12-headed hydra bites you but does no damage. x3
You climb upwards.
Welcome back to the Dungeon!
There is a staircase to the Lair here.
The 12-headed hydra seems less drained.
You see here +0 steam dragon scales.
There is an open door here.
Things that are here:
a +0 ring mail; a +0 mace
Things that are here:
a +0 robe; a +0 dagger You block the 12-headed hydra's attack. x3
The 12-headed hydra bites you but does no damage.
You block the 12-headed hydra's attack. The 12-headed hydra barely misses you.
The 12-headed hydra bites you but does no damage.
The 12-headed hydra bites you!
You block the 12-headed hydra's attack. x2
The 12-headed hydra bites you but does no damage.
The 12-headed hydra bites you!
* * * LOW HITPOINT WARNING * * *
Things that are here:
a +0 robe; a +0 dagger You block the 12-headed hydra's attack.
The 12-headed hydra bites you but does no damage.
The 12-headed hydra bites you.
* * * LOW HITPOINT WARNING * * *
You block the 12-headed hydra's attack. The 12-headed hydra barely misses you.
The 12-headed hydra bites you!
* * * LOW HITPOINT WARNING * * *
The 12-headed hydra bites you.
* * * LOW HITPOINT WARNING * * *
The 12-headed hydra bites you!
* * * LOW HITPOINT WARNING * * *
The 12-headed hydra bites you but does no damage.
You block the 12-headed hydra's attack.
The 12-headed hydra bites you but does no damage.
The 12-headed hydra bites you.
You die...

#.# ##'## #..# #.# ##...##
##.# #.### ##.....## #.##
#...# ##...>...## #..##
####...####.........####...##
..........'...[.....'.......#
####...####.........####...##
#.........#.......## #..##
#.###.###.##..[@.## #.##
#.....# #.###..D## #.#
#..#### #.# ##'## #.#
#..######.# #.########.####
#.........# #.............#
##........# ##..######.###.#
########.###...## #.# #.#
#### #..##.##.....### #.# #.#
...####.............###.###.#


You could see a 12-headed hydra.

Vanquished Creatures
  A centaur warrior (D:9)
  A two-headed ogre (D:9)
  Pikel (D:9)
  Joseph (D:7)
  3 cane toads (Lair:1)
  A komodo dragon (D:9)
  A wyvern (Lair:1)
  A basilisk (Lair:1)
  9 yaks
  4 steam dragons
  An acid dragon (D:8)
  A water moccasin (Lair:1)
  A black bear (D:4)
  An ice beast (D:4)
  3 sky beasts
  2 ogres
  A wolf (Lair:1)
  3 centaurs
  2 lemures (D:9)
  2 kobold brigands
  5 bullfrogs
  2 scorpions (D:5)
  2 wyvern zombies (D:7)
  2 water moccasin zombies
  4 killer bees (D:8)
  10 howler monkeys
  A vampire bat (D:9)
  2 bullfrog zombies
  3 centaur zombies
  5 hounds
  A bullfrog skeleton (D:6)
  A centaur skeleton (D:7)
  An orc priest (D:9)
  A jelly (D:5)
  5 iguanas
  5 orc wizards (D:9)
  A killer bee zombie (D:5)
  2 hound skeletons (D:4)
  7 gnolls
  9 adders
  A shadow imp (D:5)
  3 white imps
  2 ufetubi
  An adder skeleton (D:4)
  6 worms
  8 dart slugs (D:4)
  18 orcs
  3 bat skeletons (D:9)
  2 bat zombies (D:9)
  9 endoplasms
  3 giant cockroaches
  5 hobgoblins
  7 jackals (D:1)
  4 quokkas
  9 ball pythons
  6 bats
  5 frilled lizards
  7 goblins
  15 kobolds
  4 rats
227 creatures vanquished.

Vanquished Creatures (others)
  Maurice (D:8)
  A kobold (D:7)
  13 plants
15 creatures vanquished.

Grand Total: 242 creatures vanquished

Notes
Turn   | Place    | Note
-------+----------+-------------------------------------------
     0 | D:1      | chuckie79 the Hill Orc Fighter began the quest for the Orb.
     0 | D:1      | Reached XP level 1. HP: 19/19 MP: 1/1
   175 | D:1      | Reached XP level 2. HP: 27/27 MP: 2/2
   219 | D:1      | Reached skill level 3 in Axes
   292 | D:1      | Reached XP level 3. HP: 33/33 MP: 3/3
   630 | D:1      | Found a faded altar of an unknown god.
   871 | D:1      | Identified a scroll of acquirement
   871 | D:1      | Acquired a manual of Axes
  1321 | D:2      | Reached XP level 4. HP: 29/41 MP: 4/4
  1695 | D:2      | Reached skill level 4 in Axes
  2215 | D:3      | Reached skill level 5 in Axes
  2478 | D:3      | Reached XP level 5. HP: 47/47 MP: 5/5
  2847 | D:3      | Found a shadowy altar of Dithmenos.
  2856 | D:3      | Found an ornate altar of the Wu Jian Council.
  2863 | D:3      | Found a blossoming altar of Fedhas.
  2873 | D:3      | Reached skill level 6 in Axes
  3097 | D:4      | Reached skill level 1 in Dodging
  3183 | D:4      | Noticed an ice beast
  3195 | D:4      | Killed an ice beast
  3196 | D:4      | Reached skill level 5 in Fighting
  3196 | D:4      | Reached XP level 6. HP: 49/56 MP: 6/6
  3268 | D:4      | Identified the amulet of Pride {Reflect rC- Int+10 SH+5
                  | Stlth-}
  3418 | D:4      | Noticed a black bear
  3424 | D:4      | Killed a black bear
  3425 | D:4      | Reached skill level 7 in Axes
  3940 | D:5      | Entered Level 5 of the Dungeon
  3956 | D:5      | Reached XP level 7. HP: 61/61 MP: 7/7
  3999 | D:5      | Reached skill level 8 in Axes
  4093 | D:5      | Found a radiant altar of Vehumet.
  4122 | D:5      | Reached skill level 9 in Axes
  4125 | D:5      | Reached skill level 5 in Armour
  4329 | D:5      | Reached skill level 10 in Axes
  4444 | D:5      | Reached skill level 5 in Shields
  4444 | D:5      | Reached XP level 8. HP: 33/70 MP: 8/8
  4689 | D:5      | Reached skill level 11 in Axes
  4807 | D:5      | Found a staircase to the Ecumenical Temple.
  4822 | Temple   | Entered the Ecumenical Temple
  5317 | D:6      | Reached skill level 12 in Axes
  5459 | D:6      | Reached skill level 1 in Stealth
  5758 | D:6      | Reached skill level 13 in Axes
  5987 | D:6      | Found Iluab's Jewellery Boutique.
  6076 | D:7      | Reached XP level 9. HP: 63/78 MP: 9/9
  6193 | D:7      | Found Hepeinen's Overcharged Wands.
  6251 | D:7      | Reached skill level 14 in Axes
  6667 | D:7      | Noticed Joseph
  6677 | D:7      | Killed Joseph
  6678 | D:7      | Reached skill level 15 in Axes
  7038 | D:8      | Reached XP level 10. HP: 88/88 MP: 10/10
  7507 | D:8      | Noticed Maurice
  7832 | D:8      | Killed Maurice
  8301 | D:9      | Noticed Pikel
  8316 | D:9      | Killed Pikel
  8317 | D:9      | Reached skill level 16 in Axes
  8519 | D:9      | Noticed a two-headed ogre
  8527 | D:9      | Killed a two-headed ogre
  8776 | D:9      | Noticed a centaur warrior
  8782 | D:9      | Killed a centaur warrior
  8783 | D:9      | Reached skill level 17 in Axes
  8783 | D:9      | Reached skill level 10 in Shields
  8783 | D:9      | Reached XP level 11. HP: 95/95 MP: 11/11
  8873 | D:9      | Found an ancient bone altar of Kikubaaqudgha.
  9024 | D:9      | Found a staircase to the Lair.
  9441 | Lair:1   | Entered Level 1 of the Lair of Beasts
  9561 | Lair:1   | Noticed a four-headed hydra
  9644 | D:9      | HP: 1/97 [12-headed hydra (7)]
  9644 | D:9      | Slain by a 12-headed hydra

Illustrated notes

Levels and vault maps discovered:
D:1:      minmay_arrival_four_houses, layout_rooms,
          hellmonk_ecumenical_altar_inner_sanctum, serial_forest,
          infiniplex_forest_end_1, infiniplex_forest_lined_room_,
          infiniplex_forest_lined_corner, infiniplex_forest_clump_cross,
          infiniplex_forest_clump_long, infiniplex_forest_zigzag_1
D:2:      layout_basic, minmay_hexomino_u4
D:3:      layout_loops_corners, grunt_temple_overflow_diamond,
          grunt_ministairs_2
D:4:      kennysheep_slugbush, layout_rooms, serial_co_window_serial,
          co_window_corner_a, co_window_of_opportunity_a, co_window_corner_a,
          co_window_paths_a, co_window_of_opportunity_a, co_window_corner_a,
          co_window_paths_a, co_window_2corner, co_window_broadway_b,
          co_window_of_opportunity_b, glass_columns_a, glass_columns_b,
          glass_columns_a, glass_columns_c
D:5:      layout_loops_cross, nicolae_vehumet_altar_sigil, temple_statues,
          grunt_tough_drop
D:6:      layout_basic, serial_shops, nicolae_lakefront_shop
D:7:      layout_rooms, nicolae_shop_overcharged_wands, uniq_joseph
D:8:      layout_loops_ring, grunt_decor_one_mirror, uniq_maurice
D:9:      layout_loops_corners, kennysheep_vampire_church, david_lair_shrubbed,
          uniq_pikel
Temple:   kb_temple_of_zot
Lair:1:   layout_chaotic_city, serial_bayou, serial_bayou_ford_a,
          serial_bayou_crossing, serial_bayou_pond_d, serial_bayou_pond_b,
          nzn_random_ring, serial_bayou_shore_b

Skill      XL: |  1  2  3  4  5  6  7  8  9 10 11 |
---------------+----------------------------------+-----
Axes           | 3 5 6 7 10 13 15 17 | 17.5
Fighting       | 4 5 6 7 8 9 |  9.4
Dodging        | 1 2 |  2.0
Armour         | 4 5 6 8 |  8.5
Shields        | 4 5 7 10 | 10.7
Stealth        | 1 |  1.1

Action                   |  1- 3 |  4- 6 |  7- 9 | 10-12 || total
-------------------------+-------+-------+-------+-------++-------
Melee: War axe           |    91 |   144 |   234 |   253 ||   722
Evoke: Wand              |       |       |       |     1 ||     1
  Use: Scroll            |    11 |     6 |     3 |     1 ||    21
       Potion            |       |     2 |       |     4 ||     6
Armor: Scale mail        |    58 |    80 |       |       ||   138
       Plate armour      |       |     9 |    59 |       ||    68
       Crystal plate arm |       |       |    47 |   169 ||   216
Dodge: Dodged            |    30 |    53 |    18 |    18 ||   119
Block: Kite shield       |    50 |    90 |   136 |       ||   276
       Reflection        |       |       |     8 |     9 ||    17
       Tower shield      |       |       |    26 |   294 ||   320
